 Dungeon Sprint DCSS version 0.21.0-25-ge575cb9 (webtiles) character file.

13474 wojtek the Severer (level 11, -2/114 HPs)
             Began as a Minotaur Berserker on Jan 23, 2018.
             Was the Champion of Trog.
             Slain by an anaconda (8 damage)
             ... in the Dungeon (Sprint III: "The Ten Rune Challenge").
             The game lasted 00:10:13 (4154 turns).

wojtek the Severer (Minotaur Berserker)             Turns: 4154, Time: 00:10:14

Health: -2/114     AC:  6    Str: 25    XL:     11   Next: 76%
Magic:  10/10      EV: 15    Int:  4    God:    Trog [******]
Gold:   3270       SH:  0    Dex: 10    Spells: 10/10 levels left

rFire    . . .     SeeInvis .   w - +3 broad axe (chop)
rCold    . . .     Gourm    .   (no shield)
rNeg     . . .     Faith    .   t - -1 leather armour (curse)
rPois    .         Spirit   .   C - +2 hat
rElec    .         Reflect  .   (no cloak)
rCorr    .         Harm     .   (no gloves)
MR       .....     NoTele   +   (no boots)
Stlth    +.........             (no amulet)
HPRegen  0.29/turn              (no ring)
MPRegen  0.12/turn              (no ring)

@: lethally poisoned (-2 -> -14), constricted
A: retaliatory headbutt, horns 2
a: Berserk, Trog's Hand, Brothers in Arms, Burn Spellbooks, Renounce Religion


You were in the Dungeon.
You worshipped Trog.
Trog was exalted by your worship.
You were hungry.

You visited 1 branch You collected 3270 gold pieces.

Inventory:

Hand Weapons
 a - a +0 hand axe
 d - a +2 war axe of flaming
 o - a +2 battleaxe of distortion
 r - a +4 antimagic executioner's axe
 u - a +8 war axe of flaming
 v - a +2 hand axe of flaming
 w - a +3 broad axe of chopping (weapon)
 x - a +3 antimagic battleaxe
 y - a +6 battleaxe of venom
 z - a +1 antimagic battleaxe
 A - a +3 antimagic battleaxe
 B - a +4 antimagic battleaxe
Missiles
 n - 3 throwing nets
 p - 4 exploding tomahawks (quivered)
Armour
 b - a +0 animal skin
 s - a +0 plate armour
 t - a cursed -1 leather armour (worn)
 C - a +2 hat (worn)
Scrolls
 i - 2 scrolls of blinking
 l - a scroll of holy word
 m - 3 scrolls of identify
 D - a scroll of enchant weapon {unknown}
Potions
 e - 2 potions of heal wounds
 f - a potion of haste
 g - 2 potions of magic
 h - a potion of berserk rage
 j - a potion of might
 k - 5 potions of mutation {unknown}
 F - a potion of agility {unknown}
Miscellaneous
 q - a lamp of fire
Comestibles
 c - 10 rations


   Skills:
 + Level 15.7 Fighting
 * Level 20.8 Axes
 + Level 15.6 Armour
 + Level 14.4 Dodging


You had 10 spell levels left.
You didn't know any spells.

Dungeon Overview and Level Annotations

Branches:
Dungeon (1/1)

Altars:
Cheibriados
Dithmenos
Elyvilon
Fedhas
Gozag
Hepliaklqana
Kikubaaqudgha
Makhleb
Nemelex Xobeh
Okawaru
Qazlal
Ru
Sif Muna
Trog
Uskayaw
Vehumet
Wu Jian
Xom
Yredelemnul
Zin
The Shining One
Beogh
Jiyva
Lugonu

Shops:
D %

Annotations:
D Erolcha


Innate Abilities, Weirdness & Mutations

You reflexively headbutt those who attack you in melee.
You have a pair of horns on your head.


Message History

The anaconda bites you but does no damage.
* * * LOW HITPOINT WARNING * * *
The anaconda constricts you. The anaconda bites you!
* * * LOW HITPOINT WARNING * * *
The black mamba bites you.
* * * LOW HITPOINT WARNING * * *
You are lethally poisoned!
The black mamba poisons you!
Unknown command.
You slash the black mamba!
You kill the black mamba!
Trog accepts your kill.
You miss the anaconda. You slash the anaconda!
You kill the anaconda!
Trog accepts your kill. Something appears at your feet!
Trog grants you a weapon!
* * * LOW HITPOINT WARNING * * *
You feel sick. The anaconda grabs you. The anaconda bites you!
You die...

##'####'#######♣
.........).....♣♣
#+#############'♣
.JJ#≈...........♣
..J+≈≈...########♣♣
..J#≈≈≈...........♣
..J#≈≈≈≈...PP.....♣
+#############'#########
#.%@†...... #..S.......
###########


You could see an anaconda.

Vanquished Creatures
  Gastronok (D)
  An anaconda (D)
  2 death yaks (D)
  A deep elf mage (D)
  An elephant (D)
  4 black mambas (D)
  2 spiny frogs (D)
  A rime drake (D)
  A komodo dragon (D)
  8 blink frogs (D)
  A shadow (D)
  2 redbacks (D)
  A spatial vortex (D)
  3 wandering mushrooms (D)
  A water moccasin (D)
  A swamp drake (D)
  A necrophage (D)
  3 two-headed ogres (D)
  A water elemental (D)
  A scorpion (D)
  14 killer bees (D)
  A jelly (D)
  An orc priest (D)
  A wizard (D)
  Jessica (D)
  A necromancer (D)
  3 humans (D)
  A kobold demonologist (D)
  An adder (D)
  3 rats (D)
64 creatures vanquished.

Vanquished Creatures (collateral kills)
  Rupert (D)
  2 dire elephants (D)
  2 death yaks (D)
  An elephant (D)
  A queen bee (D)
  2 orc warriors (D)
  18 killer bees (D)
  2 orc priests (D)
  2 orc wizards (D)
  10 orcs (D)
  A goblin (D)
42 creatures vanquished.

Vanquished Creatures (others)
  2 draconian scorchers (D)
  6 hellions (D)
  2 yaktaurs (D)
  3 hornets (D)
  2 two-headed ogres (D)
  11 plants (D)
26 creatures vanquished.

Grand Total: 132 creatures vanquished

Notes
Turn   | Place    | Note
-------+----------+-------------------------------------------
     0 | D        | wojtek the Minotaur Berserker began the quest for the Orb.
     0 | D        | Reached XP level 1. HP: 19/19 MP: 0/0
    11 | D        | Reached skill level 4 in Axes
    23 | D        | Noticed Jessica
    27 | D        | Killed Jessica
    27 | D        | Reached ** piety under Trog
    27 | D        | Reached skill level 5 in Axes
    27 | D        | Reached XP level 2. HP: 26/28 MP: 1/1
    64 | D        | Reached skill level 5 in Fighting
    64 | D        | Reached skill level 6 in Axes
    64 | D        | Reached XP level 3. HP: 31/36 MP: 2/2
    79 | D        | Killed a hellion
    85 | D        | Killed a hellion
    86 | D        | Killed a hellion
    87 | D        | Killed a hellion
   124 | D        | Killed a hellion
   132 | D        | Killed a white draconian scorcher
   141 | D        | Noticed a scorpion
   148 | D        | Killed a scorpion
   148 | D        | Reached *** piety under Trog
   148 | D        | Reached skill level 7 in Axes
   148 | D        | Reached skill level 5 in Armour
   148 | D        | Reached XP level 4. HP: 20/44 MP: 3/3
   173 | D        | Killed a white draconian scorcher
   178 | D        | Killed a yaktaur
   188 | D        | Killed a hellion
   368 | D        | Noticed a water elemental
   371 | D        | Killed a water elemental
   371 | D        | Reached skill level 8 in Axes
   371 | D        | Reached skill level 5 in Dodging
   371 | D        | Reached XP level 5. HP: 51/51 MP: 4/4
   413 | D        | Found a radiant altar of Vehumet.
   413 | D        | Found a deep blue altar of Sif Muna.
   413 | D        | Found an ancient bone altar of Kikubaaqudgha.
   414 | D        | Paralysed by a wizard for 6 turns
   418 | D        | Noticed a ynoxinul
   420 | D        | Reached skill level 9 in Axes
   423 | D        | Reached **** piety under Trog
   461 | D        | Found a glowing silver altar of Zin.
   462 | D        | Found a glowing golden altar of the Shining One.
   462 | D        | Found a white marble altar of Elyvilon.
   462 | D        | Noticed a deep elf mage
   473 | D        | Killed a deep elf mage
   473 | D        | Reached ***** piety under Trog
   473 | D        | Reached skill level 12 in Axes
   473 | D        | Reached XP level 6. HP: 25/63 MP: 5/5
   473 | D        | Reached XP level 7. HP: 28/70 MP: 6/6
   673 | D        | Found a hide-covered altar of Uskayaw.
   673 | D        | Found an iron altar of Okawaru.
   674 | D        | Found a roughly hewn altar of Beogh.
   674 | D        | Found a bloodstained altar of Trog.
   674 | D        | Found an ornate altar of the Wu Jian Council.
   674 | D        | Noticed a human
   674 | D        | Noticed a human
   677 | D        | Received a gift from Trog
   683 | D        | Killed a human
   684 | D        | Killed a human
   813 | D        | Found a basalt altar of Yredelemnul.
   813 | D        | Found a shadowy altar of Dithmenos.
   813 | D        | Found a sacrificial altar of Ru.
   816 | D        | Reached skill level 10 in Fighting
   816 | D        | Reached skill level 13 in Axes
   890 | D        | Noticed a shadow
   895 | D        | Killed a shadow
   895 | D        | Reached XP level 8. HP: 58/79 MP: 7/7
   902 | D        | Reached skill level 10 in Armour
  1112 | D        | Found a blossoming altar of Fedhas.
  1112 | D        | Found a stormy altar of Qazlal.
  1112 | D        | Found a snail-covered altar of Cheibriados.
  1112 | D        | Found a burning altar of Makhleb.
  1112 | D        | Found a shimmering altar of Xom.
  1113 | D        | Found a hazy altar of Hepliaklqana.
  1113 | D        | Found an opulent altar of Gozag.
  1113 | D        | Found a sparkling altar of Nemelex Xobeh.
  1113 | D        | Found a corrupted altar of Lugonu.
  1113 | D        | Found a viscous altar of Jiyva.
  1123 | D        | Reached ****** piety under Trog
  1123 | D        | Received a gift from Trog
  1154 | D        | Reached skill level 14 in Axes
  1165 | D        | Noticed a two-headed ogre
  1236 | D        | Noticed a two-headed ogre
  1236 | D        | Noticed Erolcha
  1274 | D        | Killed a two-headed ogre
  1350 | D        | Killed a yaktaur
  1541 | D        | Reached skill level 10 in Dodging
  1550 | D        | Received a gift from Trog
  1569 | D        | Found Ycaotiar's Food Emporium.
  1724 | D        | Reached skill level 15 in Axes
  1724 | D        | Reached XP level 9. HP: 50/89 MP: 2/8
  1903 | D        | Killed a two-headed ogre
  1983 | D        | Received a gift from Trog
  1993 | D        | Received a gift from Trog
  1998 | D        | Received a gift from Trog
  1999 | D        | Noticed a queen bee
  2001 | D        | Killed a queen bee
  2001 | D        | Reached skill level 16 in Axes
  2006 | D        | Received a gift from Trog
  2544 | D        | Noticed a wandering mushroom
  2606 | D        | Noticed a wandering mushroom
  2608 | D        | Noticed a wandering mushroom
  3131 | D        | Noticed a spiny frog
  3131 | D        | Noticed a komodo dragon
  3131 | D        | Noticed a spiny frog
  3135 | D        | Killed a spiny frog
  3140 | D        | Killed a komodo dragon
  3140 | D        | Received a gift from Trog
  3140 | D        | Reached skill level 17 in Axes
  3140 | D        | Reached XP level 10. HP: 100/100 MP: 9/9
  3142 | D        | Killed a spiny frog
  3403 | D        | Received a gift from Trog
  3560 | D        | Noticed Rupert
  3567 | D        | Killed Rupert
  3567 | D        | Reached skill level 18 in Axes
  3578 | D        | Noticed an elephant
  3579 | D        | Noticed an elephant
  3582 | D        | Killed an elephant
  3592 | D        | Killed an elephant
  3597 | D        | Noticed a dire elephant
  3604 | D        | Killed a dire elephant
  3611 | D        | Noticed a dire elephant
  3611 | D        | Noticed Gastronok
  3618 | D        | Killed a dire elephant
  3618 | D        | Reached skill level 19 in Axes
  3618 | D        | Reached XP level 11. HP: 101/111 MP: 10/10
  3620 | D        | Killed Gastronok
  3620 | D        | Received a gift from Trog
  3637 | D        | Noticed an azure jelly
  3637 | D        | Noticed an azure jelly
  3637 | D        | Noticed an azure jelly
  3638 | D        | Noticed an azure jelly
  3652 | D        | Noticed a death yak
  3655 | D        | Noticed a death yak
  3655 | D        | Noticed a death yak
  3658 | D        | Noticed a death yak
  3661 | D        | Killed a death yak
  3663 | D        | Killed a death yak
  3670 | D        | Killed a death yak
  3670 | D        | Reached skill level 15 in Fighting
  3674 | D        | Killed a death yak
  3674 | D        | Reached skill level 20 in Axes
  3674 | D        | Reached skill level 15 in Armour
  3985 | D        | Received a gift from Trog
  4142 | D        | Noticed an anaconda
  4142 | D        | Noticed an anaconda
  4151 | D        | HP: 4/113 [anaconda (13)]
  4151 | D        | HP: 1/113 [anaconda (3)]
  4154 | D        | Killed an anaconda
  4154 | D        | Received a gift from Trog
  4154 | D        | Slain by an anaconda

Skill      XL: |  1  2  3  4  5  6  7  8  9 10 11 |
---------------+----------------------------------+-----
Axes           | 5 6 7 8 12 13 15 17 19 20 | 20.8
Fighting       | 4 5 6 9 10 11 12 14 15 | 15.7
Armour         | 3 4 5 6 8 9 11 12 14 15 | 15.6
Dodging        | 3 4 5 7 9 10 11 13 14 | 14.4

Action                   |  1- 3 |  4- 6 |  7- 9 | 10-12 || total
-------------------------+-------+-------+-------+-------++-------
Melee: Hand axe          |    13 |     6 |    29 |       ||    48
       Headbutt          |     4 |     2 |    25 |    15 ||    46
       Battleaxe         |       |       |    16 |       ||    16
       Executioner's axe |       |       |    23 |       ||    23
       Broad axe         |       |       |    21 |    84 ||   105
Invok: Berserk           |     1 |     2 |     2 |       ||     5
       Burn Spellbooks   |       |     1 |     1 |       ||     2
       Brothers in Arms  |       |       |     4 |     3 ||     7
  Use: Scroll            |       |       |     2 |       ||     2
       Potion            |       |       |     2 |     2 ||     4
  Eat: Ration            |       |     1 |     1 |     1 ||     3
       Chunk             |       |       |     4 |     2 ||     6
Armor: Animal skin       |     1 |       |     2 |       ||     3
       Leather armour    |       |       |     3 |    11 ||    14
Dodge: Dodged            |     7 |     1 |    89 |    69 ||   166
